Niagara IceDogs vs Erie Otters
Created - Thursday, April 27, 2023 at 07:36
Goals
|
| Niagara IceDogs |
4 |
2 |
1 |
7 |
| Erie Otters |
1 |
3 |
0 |
4 |
|
Shots
|
| Niagara IceDogs |
12 |
23 |
8 |
43 |
| Erie Otters |
9 |
22 |
3 |
34 |
|
1st period
1. Niagara IceDogs , Joachim Blichfeld 20 (Vasili Ponomarev 18) at 6:23
2. Niagara IceDogs , Arttu Ruotsalainen 20 (Ian Mitchell 22, Conor Timmins 13) at 10:06 (PP)
3. Niagara IceDogs , Aliaksei Protas 15 (Jonatan Berggren 29, Arttu Ruotsalainen 31) at 13:35
4. Erie Otters , Michael Eyssimont 20 (Andy Andreoff 36) at 15:01
5. Niagara IceDogs , Joachim Blichfeld 21 (Vasili Ponomarev 19) at 19:47
Penalties :
Trent Frederic (ERO) for Goalie Interference (Minor) at 9:53, Johannes Kinnvall (NID) for Roughing (Minor) at 17:16
2nd period
6. Erie Otters , Trent Frederic 28 (Alex Newhook 48, Paul Cotter 16) at 1:32
7. Erie Otters , Sampo Ranta 17 (Andy Andreoff 37) at 1:38
8. Erie Otters , Sampo Ranta 18 (Andy Andreoff 38) at 1:42
9. Niagara IceDogs , Chase Pearson 10 (Jayden Halbgewachs 16, Filip Kral 6) at 4:30
10. Niagara IceDogs , Chase Pearson 11 (Jayden Halbgewachs 17, Johannes Kinnvall 6) at 11:10
Penalties :
No Penalty
3rd period
11. Niagara IceDogs , Conor Timmins 4 (Joachim Blichfeld 14, Joseph Woll) at 8:11 (PP)
Penalties :
Trent Frederic (ERO) for Holding (Minor) at 0:56, Michael Eyssimont (ERO) for Holding Stick (Minor) at 7:38, Andy Andreoff (ERO) for Tripping (Minor) at 8:26, John Ludvig (NID) for Roughing (Minor) at 16:33
Goalie Stats
Joseph Woll (NID), 30 saves from 34 shots - (0.882), W, 12-8-0, 60:00 minutes
Brad Thiessen (ERO), 36 saves from 43 shots - (0.837), L, 8-7-2, 60:00 minutes
Players Stats for Niagara IceDogs
Player Name G A P +/- PIM S H SB GA TA FO MP PP MP PK MP
------------------------------------------------------------------------------------
Alex Whelan 0 0 0 2 0 1 3 0 0 0 0/1 10:24 0:04 0:00
Aliaksei Protas 1 0 1 0 0 7 1 0 1 1 1/4 21:37 1:51 2:03
Anthony Angello 0 0 0 -1 0 0 2 2 1 0 1/3 17:22 2:49 0:00
Arttu Ruotsalainen 1 1 2 0 0 3 0 3 0 0 12/27 21:37 1:51 2:03
Chase Pearson 2 0 2 2 0 5 3 1 0 1 0/0 10:24 0:04 0:00
Conor Timmins 1 1 2 -1 0 5 3 0 0 1 0/0 26:53 2:14 1:42
Filip Kral 0 1 1 -1 0 1 0 1 0 0 0/0 13:07 0:00 0:25
Ian Mitchell 0 1 1 -1 0 1 2 1 1 0 0/0 26:53 2:14 1:42
James Hamblin 0 0 0 0 0 1 2 0 0 0 1/5 9:32 0:00 0:50
Jayden Halbgewachs 0 2 2 2 0 1 0 0 0 0 1/5 10:27 0:07 0:00
Joachim Blichfeld 2 1 3 -1 0 7 0 0 1 1 0/1 18:27 2:49 1:05
Johannes Kinnvall 0 1 1 -1 2 1 0 0 0 0 0/0 13:33 0:00 0:36
John Ludvig 0 0 0 3 2 1 1 0 0 4 0/0 19:37 2:30 1:15
Jonatan Berggren 0 1 1 0 0 4 2 0 0 1 1/2 20:25 1:51 1:05
Joseph Duszak 0 0 0 3 0 0 3 0 0 0 0/0 20:39 2:30 2:16
Nicholas Robertson 0 0 0 0 0 2 1 0 0 0 0/0 9:32 0:00 0:50
Tim Soderlund 0 0 0 0 0 1 2 0 0 0 0/0 8:12 0:00 0:00
Vasili Ponomarev 0 2 2 -1 0 2 3 0 2 0 6/16 17:19 2:46 0:00
Players Stats for Erie Otters
Player Name G A P +/- PIM S H SB GA TA FO MP PP MP PK MP
------------------------------------------------------------------------------------
Aaron Luchuk 0 0 0 -1 0 2 3 1 1 1 9/13 15:25 0:00 1:54
Aaron Ness 0 0 0 -1 0 2 0 1 1 1 0/0 20:40 1:36 2:24
Abbott Girduckis 0 0 0 -2 0 0 0 0 0 0 1/4 8:53 0:00 0:00
Adam Brubacher 0 0 0 -2 0 0 0 0 0 1 0/0 8:53 0:00 0:00
Adam Clendening 0 0 0 1 0 0 1 2 0 0 0/0 21:38 1:03 2:20
Alec McCrea 0 0 0 -1 0 0 1 0 0 2 0/0 17:42 1:19 0:00
Alex Biega 0 0 0 1 0 0 0 1 0 0 0/0 21:38 1:03 2:20
Alex Gallant 0 0 0 -1 0 1 0 0 0 1 0/0 13:30 0:00 0:00
Alex Newhook 0 1 1 0 0 5 1 0 2 0 9/14 18:15 1:50 2:07
Alex Petrovic 0 0 0 -1 0 0 0 0 0 0 0/0 20:40 1:36 2:24
Alex-Olivier Voyer 0 0 0 -2 0 0 4 2 0 0 0/0 8:53 0:00 0:00
Andy Andreoff 0 3 3 2 2 4 1 0 2 0 19/28 18:28 2:08 1:22
Kevin Davis 0 0 0 -1 0 0 0 1 0 0 0/0 17:42 1:19 0:00
Michael Eyssimont 1 0 1 2 2 6 0 0 0 0 0/1 18:03 2:08 1:20
Paul Cotter 0 1 1 0 0 1 0 0 0 0 0/1 17:53 1:50 1:51
Sampo Ranta 2 0 2 2 0 3 1 0 0 0 0/0 16:54 1:58 0:20
Trent Frederic 1 0 1 0 4 5 2 0 2 0 0/0 16:22 1:47 0:34
Ty Ronning 0 0 0 -1 0 5 3 0 1 0 3/3 13:43 0:13 0:00
3 Stars
1 - Chase Pearson (NID)
2 - Joachim Blichfeld (NID)
3 - Sampo Ranta (ERO)
Power Play
Niagara IceDogs - 2 on 4 Attempt(s) - 50.00%
Erie Otters - 0 on 2 Attempt(s) - 0.00%
Penalty Kill
Niagara IceDogs - 2 on 2 Attempt(s) - 100.00%
- Score 0 goal in Penalty Kill
Erie Otters - 2 on 4 Attempt(s) - 50.00%
- Score 0 goal in Penalty Kill
Team Stat
Niagara IceDogs - Hits : 28 - Faceoff Wins : 23 - Blocked Shots : 8 - Penalty Minutes : 4
Erie Otters - Hits : 17 - Faceoff Wins : 41 - Blocked Shots : 8 - Penalty Minutes : 8
Official
Referees : Jacob Brenk and Garrett Rank
Linesman : Unknown
Game Notes
No Game Note
Niagara IceDogs
5 vs 5 Forward
Center Left Wing Right Wing Time % Phy DF OF
1 Arttu Ruotsalainen Aliaksei Protas Jonatan Berggren 40 1 2 2
2 Vasili Ponomarev Joachim Blichfeld Anthony Angello 30 1 2 2
3 Jayden Halbgewachs Chase Pearson Alex Whelan 20 1 2 2
4 James Hamblin Nicholas Robertson Tim Soderlund 10 1 2 2
5 vs 5 Defense
Defense Defense Time % Phy DF OF
1 Ian Mitchell Conor Timmins 40 1 2 2
2 John Ludvig Joseph Duszak 30 1 2 2
3 Filip Kral Johannes Kinnvall 20 1 2 2
4 Ian Mitchell Conor Timmins 10 1 2 2
PowerPlay Forward
Center Left Wing Right Wing Time % Phy DF OF
1 Arttu Ruotsalainen Aliaksei Protas Jonatan Berggren 60 1 2 2
2 Vasili Ponomarev Joachim Blichfeld Anthony Angello 40 1 2 2
PowerPlay Defense
Defense Defense Time % Phy DF OF
1 Ian Mitchell Conor Timmins 60 1 2 2
2 John Ludvig Joseph Duszak 40 1 2 2
Penalty Kill 4 Players Forward
Center Wing Time % Phy DF OF
1 Arttu Ruotsalainen Aliaksei Protas 60 1 2 2
2 Jonatan Berggren Joachim Blichfeld 40 1 2 2
Penalty Kill 4 Players Defense
Defense Defense Time % Phy DF OF
1 Ian Mitchell Conor Timmins 60 1 2 2
2 John Ludvig Joseph Duszak 40 1 2 2
Penalty Kill - 3 Players Forward
Forward Time % Phy DF OF
1 Arttu Ruotsalainen 60 1 2 2
2 Aliaksei Protas 40 1 2 2
Penalty Kill - 3 Players Defense
Defense Defense Time % Phy DF OF
1 Ian Mitchell Conor Timmins 60 1 2 2
2 John Ludvig Joseph Duszak 40 1 2 2
4 vs 4 Forward
Center Wing Time % Phy DF OF
1 Arttu Ruotsalainen Aliaksei Protas 60 1 2 2
2 Jonatan Berggren Joachim Blichfeld 40 1 2 2
4 vs 4 Defense
Defense Defense Time % Phy DF OF
1 Ian Mitchell Conor Timmins 60 1 2 2
2 John Ludvig Joseph Duszak 40 1 2 2
Last Minutes Offensive
Center Left Wing Right Wing Defense Defense
Arttu Ruotsalainen Aliaksei Protas Jonatan Berggren Ian Mitchell Conor Timmins
Last Minutes Defensive
Center Left Wing Right Wing Defense Defense
Arttu Ruotsalainen Aliaksei Protas Jonatan Berggren Ian Mitchell Conor Timmins
Goaltenders
Starting : Joseph Woll
Backup : Dylan Ferguson
Extra Forwards
Normal : Jayden Halbgewachs, Chase Pearson, James Hamblin - PP : Jayden Halbgewachs, Chase Pearson - PK : James Hamblin
Extra Defensemen
Normal : Filip Kral, Johannes Kinnvall, John Ludvig - PP : Filip Kral - PK : Johannes Kinnvall, John Ludvig
Penalty Shots
Arttu Ruotsalainen, Aliaksei Protas, Jonatan Berggren, Joachim Blichfeld, Vasili Ponomarev
Erie Otters
5 vs 5 Forward
Center Left Wing Right Wing Time % Phy DF OF
1 Alex Newhook Trent Frederic Paul Cotter 30 1 2 2
2 Andy Andreoff Michael Eyssimont Sampo Ranta 30 1 2 2
3 Aaron Luchuk Alex Gallant Ty Ronning 25 1 2 2
4 Abbott Girduckis Adam Brubacher Alex-Olivier Voyer 15 1 2 2
5 vs 5 Defense
Defense Defense Time % Phy DF OF
1 Adam Clendening Alex Biega 35 1 2 2
2 Aaron Ness Alex Petrovic 35 1 2 2
3 Alec McCrea Kevin Davis 30 1 2 2
4 Adam Clendening Alex Biega 0 1 2 2
PowerPlay Forward
Center Left Wing Right Wing Time % Phy DF OF
1 Alex Newhook Trent Frederic Paul Cotter 50 1 2 2
2 Andy Andreoff Michael Eyssimont Sampo Ranta 50 1 2 2
PowerPlay Defense
Defense Defense Time % Phy DF OF
1 Adam Clendening Alex Biega 50 1 2 2
2 Aaron Ness Alex Petrovic 50 1 2 2
Penalty Kill 4 Players Forward
Center Wing Time % Phy DF OF
1 Alex Newhook Trent Frederic 50 1 2 2
2 Andy Andreoff Paul Cotter 50 1 2 2
Penalty Kill 4 Players Defense
Defense Defense Time % Phy DF OF
1 Adam Clendening Alex Biega 50 1 2 2
2 Aaron Ness Alex Petrovic 50 1 2 2
Penalty Kill - 3 Players Forward
Forward Time % Phy DF OF
1 Alex Newhook 50 1 2 2
2 Trent Frederic 50 1 2 2
Penalty Kill - 3 Players Defense
Defense Defense Time % Phy DF OF
1 Adam Clendening Alex Biega 50 1 2 2
2 Aaron Ness Alex Petrovic 50 1 2 2
4 vs 4 Forward
Center Wing Time % Phy DF OF
1 Alex Newhook Trent Frederic 50 1 2 2
2 Andy Andreoff Paul Cotter 50 1 2 2
4 vs 4 Defense
Defense Defense Time % Phy DF OF
1 Adam Clendening Alex Biega 50 1 2 2
2 Aaron Ness Alex Petrovic 50 1 2 2
Last Minutes Offensive
Center Left Wing Right Wing Defense Defense
Alex Newhook Trent Frederic Paul Cotter Adam Clendening Alex Biega
Last Minutes Defensive
Center Left Wing Right Wing Defense Defense
Alex Newhook Trent Frederic Paul Cotter Adam Clendening Alex Biega
Goaltenders
Starting : Brad Thiessen
Backup : Keith Kinkaid
Extra Forwards
Normal : Ty Ronning, Alex-Olivier Voyer, Aaron Luchuk - PP : Ty Ronning, Alex-Olivier Voyer - PK : Aaron Luchuk
Extra Defensemen
Normal : Aaron Ness, Kevin Davis, Adam Brubacher - PP : Aaron Ness - PK : Kevin Davis, Adam Brubacher
Penalty Shots
Alex Newhook, Trent Frederic, Andy Andreoff, Paul Cotter, Michael Eyssimont
% Time on Ice - Niagara IceDogs
Lines # - Real PCT - Wanted PCT - Time Play
Normal Forward
1 - 36% - 40% - 18:28
2 - 28% - 30% - 14:33
3 - 20% - 20% - 10:05
4 - 16% - 10% - 8:12
Normal Defense
1 - 39% - 40% - 20:12
2 - 31% - 30% - 15:53
3 - 24% - 20% - 12:28
4 - 5% - 10% - 2:45
PP Forward
1 - 40% - 60% - 1:55
2 - 60% - 40% - 2:49
PP Defense
1 - 47% - 60% - 2:14
2 - 53% - 40% - 2:30
PK Forward
1 - 73% - 60% - 2:53
2 - 27% - 40% - 1:05
PK Defense
1 - 43% - 60% - 1:42
2 - 57% - 40% - 2:16
PK3 Forward
1 - 0% - 60%
2 - 0% - 40%
PK3 Defense
1 - 0% - 60%
2 - 0% - 40%
44 Forward
1 - 0% - 60%
2 - 0% - 40%
44 Defense
1 - 0% - 60%
2 - 0% - 40%
Last Minute Offensive - 0:00
Last Minute Defensive - 0:00
Total
Forward - 60:00
Defense - 60:00
|
% Time on Ice - Erie Otters
Lines # - Real PCT - Wanted PCT - Time Play
Normal Forward
1 - 27% - 30% - 14:03
2 - 29% - 30% - 14:52
3 - 26% - 25% - 13:30
4 - 17% - 15% - 8:53
Normal Defense
1 - 35% - 35% - 18:09
2 - 32% - 35% - 16:40
3 - 31% - 30% - 16:09
4 - 1% - 0% - 0:20
PP Forward
1 - 46% - 50% - 1:50
2 - 54% - 50% - 2:08
PP Defense
1 - 42% - 50% - 1:39
2 - 58% - 50% - 2:19
PK Forward
1 - 49% - 50% - 2:20
2 - 51% - 50% - 2:24
PK Defense
1 - 49% - 50% - 2:20
2 - 51% - 50% - 2:24
PK3 Forward
1 - 0% - 50%
2 - 0% - 50%
PK3 Defense
1 - 0% - 50%
2 - 0% - 50%
44 Forward
1 - 0% - 50%
2 - 0% - 50%
44 Defense
1 - 0% - 50%
2 - 0% - 50%
Last Minute Offensive - 0:00
Last Minute Defensive - 0:00
Total
Forward - 60:00
Defense - 60:00
|
Play-by-Play
1st period
0:01 of 1st period - Alex Newhook wins face-off versus Arttu Ruotsalainen in neutral zone.
1:28 of 1st period - Jonatan Berggren is hit by Trent Frederic and loses puck.
1:58 of 1st period - Aaron Ness is hit by Anthony Angello and loses puck.
2:30 of 1st period - Icing by Filip Kral.
2:31 of 1st period - Aaron Luchuk wins face-off versus James Hamblin in Niagara IceDogs zone.
2:43 of 1st period - Snap shot by Nicholas Robertson.
2:43 of 1st period - Shot Blocked by Aaron Luchuk.
3:34 of 1st period - Snap shot by Alex Newhook.
3:34 of 1st period - Stopped by Joseph Woll without a rebound.
3:35 of 1st period - Andy Andreoff wins face-off versus Anthony Angello in Niagara IceDogs zone.
4:01 of 1st period - Adam Clendening is hit by Tim Soderlund and loses puck.
4:14 of 1st period - Slapshot by Michael Eyssimont.
4:14 of 1st period - Stopped by Joseph Woll with a rebound.
4:16 of 1st period - Wrist shot by Aaron Ness.
4:16 of 1st period - Stopped by Joseph Woll without a rebound.
4:17 of 1st period - Vasili Ponomarev wins face-off versus Aaron Luchuk in Niagara IceDogs zone.
5:07 of 1st period - Wrist shot by Nicholas Robertson.
5:07 of 1st period - Shot Misses the Net.
5:21 of 1st period - Slapshot by Adam Clendening.
5:21 of 1st period - Shot Blocked by Chase Pearson.
5:31 of 1st period - Johannes Kinnvall is hit by Alex-Olivier Voyer and loses puck.
5:48 of 1st period - Slapshot by Joachim Blichfeld.
5:48 of 1st period - Stopped by Brad Thiessen without a rebound.
5:49 of 1st period - Alex Newhook wins face-off versus Vasili Ponomarev in Erie Otters zone.
6:04 of 1st period - Wrist shot by Alex Newhook.
6:04 of 1st period - Shot Blocked by Anthony Angello.
6:10 of 1st period - Aaron Ness is hit by Vasili Ponomarev and loses puck.
6:21 of 1st period - Wrist shot by Joachim Blichfeld.
6:21 of 1st period - Deflect By Vasili Ponomarev.
6:21 of 1st period - Stopped by Brad Thiessen with a rebound.
6:23 of 1st period - Backhand shot by Joachim Blichfeld.
6:23 of 1st period - Goal by Joachim Blichfeld - Niagara IceDogs : 1 - Erie Otters : 0.
6:24 of 1st period - Andy Andreoff wins face-off versus Aliaksei Protas in neutral zone.
6:53 of 1st period - Off-side.
6:54 of 1st period - Aaron Luchuk wins face-off versus Jayden Halbgewachs in neutral zone.
7:07 of 1st period - Wrist shot by Ty Ronning.
7:07 of 1st period - Stopped by Joseph Woll without a rebound.
7:08 of 1st period - Andy Andreoff wins face-off versus Arttu Ruotsalainen in Niagara IceDogs zone.
7:18 of 1st period - Off-side.
7:19 of 1st period - Arttu Ruotsalainen wins face-off versus Aaron Luchuk in neutral zone.
7:56 of 1st period - Wrist shot by Andy Andreoff.
7:56 of 1st period - Shot Misses the Net.
9:22 of 1st period - Slapshot by Sampo Ranta.
9:22 of 1st period - Shot Blocked by Anthony Angello.
9:24 of 1st period - Backhand shot by Sampo Ranta.
9:24 of 1st period - Shot Misses the Net.
9:26 of 1st period - Backhand shot by Andy Andreoff.
9:26 of 1st period - Shot Misses the Net.
9:38 of 1st period - Slapshot by Alex Newhook.
9:38 of 1st period - Stopped by Joseph Woll with a rebound.
9:53 of 1st period - Minor Penalty to Trent Frederic for Goalie Interference.
9:54 of 1st period - Alex Newhook wins face-off versus Arttu Ruotsalainen in Erie Otters zone.
10:00 of 1st period - Wrist shot by Aliaksei Protas.
10:00 of 1st period - Stopped by Brad Thiessen with a rebound.
10:02 of 1st period - Slapshot by Conor Timmins.
10:02 of 1st period - Stopped by Brad Thiessen with a rebound.
10:04 of 1st period - Slapshot by Ian Mitchell.
10:04 of 1st period - Shot Misses the Net.
10:06 of 1st period - Snap shot by Arttu Ruotsalainen.
10:06 of 1st period - Goal by Arttu Ruotsalainen - Niagara IceDogs : 2 - Erie Otters : 0.
10:07 of 1st period - Arttu Ruotsalainen wins face-off versus Andy Andreoff in neutral zone.
10:34 of 1st period - Aaron Luchuk is hit by Conor Timmins and loses puck.
10:55 of 1st period - Snap shot by Alex Newhook.
10:55 of 1st period - Stopped by Joseph Woll with a rebound.
11:01 of 1st period - Snap shot by Alex Newhook.
11:01 of 1st period - Shot Misses the Net.
11:21 of 1st period - Snap shot by Aaron Ness.
11:21 of 1st period - Deflect By Alex-Olivier Voyer.
11:21 of 1st period - Shot Misses the Net.
11:21 of 1st period - Puck is out of play.
11:22 of 1st period - Andy Andreoff wins face-off versus Arttu Ruotsalainen in Niagara IceDogs zone.
11:55 of 1st period - Alex Newhook is hit by Chase Pearson and loses puck.
12:08 of 1st period - Trent Frederic is hit by Joseph Duszak and loses puck.
12:13 of 1st period - Wrist shot by Nicholas Robertson.
12:13 of 1st period - Shot Misses the Net.
12:15 of 1st period - Snap shot by Nicholas Robertson.
12:15 of 1st period - Shot Blocked by Adam Clendening.
12:17 of 1st period - Snap shot by Tim Soderlund.
12:17 of 1st period - Stopped by Brad Thiessen with a rebound.
12:19 of 1st period - Slapshot by John Ludvig.
12:19 of 1st period - Stopped by Brad Thiessen with a rebound.
12:21 of 1st period - Slapshot by Joseph Duszak.
12:21 of 1st period - Shot Misses the Net.
13:17 of 1st period - Snap shot by Andy Andreoff.
13:17 of 1st period - Shot Blocked by Arttu Ruotsalainen.
13:27 of 1st period - Snap shot by Jonatan Berggren.
13:27 of 1st period - Stopped by Brad Thiessen with a rebound.
13:33 of 1st period - Slapshot by Jonatan Berggren.
13:33 of 1st period - Shot Blocked by Kevin Davis.
13:35 of 1st period - Wrist shot by Aliaksei Protas.
13:35 of 1st period - Goal by Aliaksei Protas - Niagara IceDogs : 3 - Erie Otters : 0.
13:36 of 1st period - Ty Ronning wins face-off versus Jayden Halbgewachs in neutral zone.
13:45 of 1st period - Chase Pearson is hit by Aaron Luchuk and loses puck.
13:59 of 1st period - Icing by Alex Whelan.
14:00 of 1st period - Jayden Halbgewachs wins face-off versus Andy Andreoff in Niagara IceDogs zone.
14:22 of 1st period - Icing by Michael Eyssimont.
14:23 of 1st period - Andy Andreoff wins face-off versus Vasili Ponomarev in Erie Otters zone.
14:29 of 1st period - Off-side.
14:30 of 1st period - Aliaksei Protas wins face-off versus Alex Newhook in neutral zone.
14:37 of 1st period - Wrist shot by Trent Frederic.
14:37 of 1st period - Deflect By Alex Newhook.
14:37 of 1st period - Stopped by Joseph Woll with a rebound.
14:39 of 1st period - Slapshot by Paul Cotter.
14:39 of 1st period - Shot Blocked by Ian Mitchell.
14:41 of 1st period - Snap shot by Paul Cotter.
14:41 of 1st period - Shot Misses the Net.
14:43 of 1st period - Wrist shot by Trent Frederic.
14:43 of 1st period - Shot Misses the Net.
14:45 of 1st period - Slapshot by Trent Frederic.
14:45 of 1st period - Shot Misses the Net.
14:55 of 1st period - Slapshot by Andy Andreoff.
14:55 of 1st period - Shot Misses the Net.
14:57 of 1st period - Slapshot by Aaron Ness.
14:57 of 1st period - Deflect By Andy Andreoff.
14:57 of 1st period - Shot Misses the Net.
14:57 of 1st period - Puck is out of play.
14:58 of 1st period - Andy Andreoff wins face-off versus Vasili Ponomarev in Niagara IceDogs zone.
14:59 of 1st period - Slapshot by Michael Eyssimont.
14:59 of 1st period - Shot Blocked by Filip Kral.
15:01 of 1st period - Snap shot by Michael Eyssimont.
15:01 of 1st period - Goal by Michael Eyssimont - Niagara IceDogs : 3 - Erie Otters : 1.
15:02 of 1st period - Aaron Luchuk wins face-off versus Arttu Ruotsalainen in neutral zone.
15:15 of 1st period - Snap shot by Aaron Luchuk.
15:15 of 1st period - Stopped by Joseph Woll without a rebound.
15:16 of 1st period - Vasili Ponomarev wins face-off versus Alex Newhook in Niagara IceDogs zone.
16:10 of 1st period - Andy Andreoff is hit by Alex Whelan and loses puck.
16:29 of 1st period - Abbott Girduckis is hit by Tim Soderlund and loses puck.
16:48 of 1st period - Slapshot by Trent Frederic.
16:48 of 1st period - Shot Misses the Net.
17:10 of 1st period - Snap shot by Ty Ronning.
17:10 of 1st period - Shot Misses the Net.
17:16 of 1st period - Minor Penalty to Johannes Kinnvall for Roughing.
17:17 of 1st period - Arttu Ruotsalainen wins face-off versus Alex Newhook in Niagara IceDogs zone.
17:57 of 1st period - Snap shot by Andy Andreoff.
17:57 of 1st period - Shot Misses the Net.
18:07 of 1st period - Adam Clendening is hit by John Ludvig and loses puck.
18:23 of 1st period - Aliaksei Protas is hit by Sampo Ranta and loses puck.
18:44 of 1st period - Andy Andreoff is hit by Jonatan Berggren and loses puck.
19:09 of 1st period - Ty Ronning is hit by James Hamblin and loses puck.
19:16 of 1st period - Penalty to Johannes Kinnvall is over, Johannes Kinnvall is back on ice.
19:45 of 1st period - Slapshot by Conor Timmins.
19:45 of 1st period - Stopped by Brad Thiessen without a rebound.
19:46 of 1st period - Vasili Ponomarev wins face-off versus Abbott Girduckis in Erie Otters zone.
19:47 of 1st period - Wrist shot by Joachim Blichfeld.
19:47 of 1st period - Goal by Joachim Blichfeld - Niagara IceDogs : 4 - Erie Otters : 1.
19:48 of 1st period - Andy Andreoff wins face-off versus Arttu Ruotsalainen in neutral zone.
19:53 of 1st period - Snap shot by Andy Andreoff.
19:53 of 1st period - Shot Blocked by Arttu Ruotsalainen.
Goals for this period are 4 for Niagara IceDogs vs 1 for Erie Otters.
Shots for this period are 12 for Niagara IceDogs vs 9 for Erie Otters.
2nd period
0:01 of 2nd period - Alex Newhook wins face-off versus Anthony Angello in neutral zone.
0:20 of 2nd period - Trent Frederic is hit by Vasili Ponomarev and loses puck.
0:33 of 2nd period - Alec McCrea is hit by Chase Pearson and loses puck.
1:14 of 2nd period - Wrist shot by Alex Newhook.
1:14 of 2nd period - Shot Misses the Net.
1:22 of 2nd period - Slapshot by Alex Newhook.
1:22 of 2nd period - Stopped by Joseph Woll with a rebound.
1:24 of 2nd period - Snap shot by Paul Cotter.
1:24 of 2nd period - Shot Misses the Net.
1:26 of 2nd period - Wrist shot by Paul Cotter.
1:26 of 2nd period - Stopped by Joseph Woll with a rebound.
1:28 of 2nd period - Wrist shot by Alex Newhook.
1:28 of 2nd period - Shot Misses the Net.
1:30 of 2nd period - Snap shot by Trent Frederic.
1:30 of 2nd period - Stopped by Joseph Woll with a rebound.
1:32 of 2nd period - Snap shot by Trent Frederic.
1:32 of 2nd period - Deflect By Jonatan Berggren.
1:32 of 2nd period - Goal by Trent Frederic - Niagara IceDogs : 4 - Erie Otters : 2.
1:33 of 2nd period - Andy Andreoff wins face-off versus Joachim Blichfeld in neutral zone.
1:38 of 2nd period - Snap shot by Andy Andreoff.
1:38 of 2nd period - Deflect By Sampo Ranta.
1:38 of 2nd period - Goal by Sampo Ranta - Niagara IceDogs : 4 - Erie Otters : 3.
1:39 of 2nd period - Andy Andreoff wins face-off versus Vasili Ponomarev in neutral zone.
1:42 of 2nd period - Wrist shot by Sampo Ranta.
1:42 of 2nd period - Goal by Sampo Ranta - Niagara IceDogs : 4 - Erie Otters : 4.
1:43 of 2nd period - Andy Andreoff wins face-off versus Vasili Ponomarev in neutral zone.
2:53 of 2nd period - Paul Cotter is hit by Chase Pearson.
2:57 of 2nd period - Chase Pearson is hit by Trent Frederic and loses puck.
3:04 of 2nd period - Alex Newhook is hit by Joseph Duszak and loses puck.
3:25 of 2nd period - Wrist shot by Joachim Blichfeld.
3:25 of 2nd period - Shot Misses the Net.
4:00 of 2nd period - Slapshot by Aaron Luchuk.
4:00 of 2nd period - Deflect By Ty Ronning.
4:00 of 2nd period - Stopped by Joseph Woll with a rebound.
4:22 of 2nd period - Snap shot by Jayden Halbgewachs.
4:22 of 2nd period - Shot Misses the Net.
4:24 of 2nd period - Slapshot by Jayden Halbgewachs.
4:24 of 2nd period - Shot Misses the Net.
4:26 of 2nd period - Snap shot by Chase Pearson.
4:26 of 2nd period - Stopped by Brad Thiessen with a rebound.
4:28 of 2nd period - Wrist shot by Chase Pearson.
4:28 of 2nd period - Shot Misses the Net.
4:30 of 2nd period - Backhand shot by Chase Pearson.
4:30 of 2nd period - Goal by Chase Pearson - Niagara IceDogs : 5 - Erie Otters : 4.
4:31 of 2nd period - Andy Andreoff wins face-off versus Arttu Ruotsalainen in neutral zone.
4:56 of 2nd period - Joachim Blichfeld is hit by Aaron Luchuk and loses puck.
5:05 of 2nd period - Snap shot by Joachim Blichfeld.
5:05 of 2nd period - Stopped by Brad Thiessen with a rebound.
5:41 of 2nd period - Backhand shot by Nicholas Robertson.
5:41 of 2nd period - Shot Misses the Net.
5:43 of 2nd period - Snap shot by Nicholas Robertson.
5:43 of 2nd period - Shot Blocked by Alex-Olivier Voyer.
5:45 of 2nd period - Snap shot by James Hamblin.
5:45 of 2nd period - Shot Misses the Net.
5:47 of 2nd period - Snap shot by Nicholas Robertson.
5:47 of 2nd period - Stopped by Brad Thiessen with a rebound.
6:01 of 2nd period - Snap shot by Andy Andreoff.
6:01 of 2nd period - Shot Blocked by Arttu Ruotsalainen.
6:03 of 2nd period - Wrist shot by Andy Andreoff.
6:03 of 2nd period - Stopped by Joseph Woll with a rebound.
6:05 of 2nd period - Wrist shot by Sampo Ranta.
6:05 of 2nd period - Shot Misses the Net.
6:07 of 2nd period - Snap shot by Andy Andreoff.
6:07 of 2nd period - Deflect By Aliaksei Protas.
6:07 of 2nd period - Stopped by Joseph Woll without a rebound.
6:08 of 2nd period - Andy Andreoff wins face-off versus Vasili Ponomarev in Niagara IceDogs zone.
6:11 of 2nd period - Snap shot by Michael Eyssimont.
6:11 of 2nd period - Stopped by Joseph Woll with a rebound.
6:23 of 2nd period - Snap shot by Vasili Ponomarev.
6:23 of 2nd period - Stopped by Brad Thiessen with a rebound.
6:35 of 2nd period - Jonatan Berggren is hit by Ty Ronning and loses puck.
6:52 of 2nd period - Wrist shot by Nicholas Robertson.
6:52 of 2nd period - Deflect By James Hamblin.
6:52 of 2nd period - Shot Misses the Net.
6:52 of 2nd period - Puck is out of play.
6:53 of 2nd period - Andy Andreoff wins face-off versus James Hamblin in Erie Otters zone.
6:53 of 2nd period - Andy Andreoff is hit by Nicholas Robertson.
7:03 of 2nd period - Slapshot by Andy Andreoff.
7:03 of 2nd period - Stopped by Joseph Woll without a rebound.
7:04 of 2nd period - Arttu Ruotsalainen wins face-off versus Andy Andreoff in Niagara IceDogs zone.
7:04 of 2nd period - Arttu Ruotsalainen is hit by Andy Andreoff.
7:10 of 2nd period - Slapshot by Aliaksei Protas.
7:10 of 2nd period - Shot Misses the Net.
7:30 of 2nd period - Ty Ronning is hit by Vasili Ponomarev and loses puck.
7:35 of 2nd period - Wrist shot by Joachim Blichfeld.
7:35 of 2nd period - Stopped by Brad Thiessen without a rebound.
7:36 of 2nd period - Vasili Ponomarev wins face-off versus Alex Newhook in Erie Otters zone.
8:02 of 2nd period - Snap shot by Michael Eyssimont.
8:02 of 2nd period - Stopped by Joseph Woll with a rebound.
8:14 of 2nd period - Backhand shot by Joachim Blichfeld.
8:14 of 2nd period - Stopped by Brad Thiessen without a rebound.
8:15 of 2nd period - Aaron Luchuk wins face-off versus Arttu Ruotsalainen in Erie Otters zone.
8:20 of 2nd period - Snap shot by Aliaksei Protas.
8:20 of 2nd period - Stopped by Brad Thiessen with a rebound.
8:22 of 2nd period - Snap shot by Jonatan Berggren.
8:22 of 2nd period - Stopped by Brad Thiessen with a rebound.
8:26 of 2nd period - Backhand shot by Jonatan Berggren.
8:26 of 2nd period - Stopped by Brad Thiessen with a rebound.
8:28 of 2nd period - Slapshot by Ian Mitchell.
8:28 of 2nd period - Stopped by Brad Thiessen with a rebound.
8:40 of 2nd period - Alex Biega is hit by Conor Timmins and loses puck.
9:00 of 2nd period - Wrist shot by Ty Ronning.
9:00 of 2nd period - Shot Misses the Net.
9:02 of 2nd period - Slapshot by Ty Ronning.
9:02 of 2nd period - Stopped by Joseph Woll without a rebound.
9:03 of 2nd period - Andy Andreoff wins face-off versus Jayden Halbgewachs in Niagara IceDogs zone.
9:04 of 2nd period - Wrist shot by Michael Eyssimont.
9:04 of 2nd period - Shot Misses the Net.
9:18 of 2nd period - Wrist shot by Chase Pearson.
9:18 of 2nd period - Stopped by Brad Thiessen without a rebound.
9:19 of 2nd period - Alex Newhook wins face-off versus Arttu Ruotsalainen in Erie Otters zone.
10:05 of 2nd period - Slapshot by Conor Timmins.
10:05 of 2nd period - Deflect By Adam Clendening.
10:05 of 2nd period - Stopped by Brad Thiessen with a rebound.
10:07 of 2nd period - Slapshot by Filip Kral.
10:07 of 2nd period - Stopped by Brad Thiessen without a rebound.
10:08 of 2nd period - Arttu Ruotsalainen wins face-off versus Abbott Girduckis in Erie Otters zone.
10:11 of 2nd period - Snap shot by Jonatan Berggren.
10:11 of 2nd period - Stopped by Brad Thiessen without a rebound.
10:12 of 2nd period - Arttu Ruotsalainen wins face-off versus Andy Andreoff in Erie Otters zone.
10:13 of 2nd period - Slapshot by Jonatan Berggren.
10:13 of 2nd period - Deflect By Arttu Ruotsalainen.
10:13 of 2nd period - Shot Misses the Net.
10:13 of 2nd period - Puck is out of play.
10:14 of 2nd period - Arttu Ruotsalainen wins face-off versus Andy Andreoff in Erie Otters zone.
10:30 of 2nd period - Wrist shot by Aliaksei Protas.
10:30 of 2nd period - Shot Blocked by Aaron Ness.
11:00 of 2nd period - Snap shot by Chase Pearson.
11:00 of 2nd period - Shot Misses the Net.
11:02 of 2nd period - Snap shot by Alex Whelan.
11:02 of 2nd period - Stopped by Brad Thiessen with a rebound.
11:10 of 2nd period - Snap shot by Chase Pearson.
11:10 of 2nd period - Goal by Chase Pearson - Niagara IceDogs : 6 - Erie Otters : 4.
11:11 of 2nd period - Jonatan Berggren wins face-off versus Alex Newhook in neutral zone.
11:27 of 2nd period - Slapshot by Trent Frederic.
11:27 of 2nd period - Shot Misses the Net.
12:00 of 2nd period - Kevin Davis is hit by Aliaksei Protas and loses puck.
12:09 of 2nd period - Snap shot by Arttu Ruotsalainen.
12:09 of 2nd period - Stopped by Brad Thiessen with a rebound.
12:19 of 2nd period - Snap shot by Arttu Ruotsalainen.
12:19 of 2nd period - Shot Misses the Net.
12:21 of 2nd period - Wrist shot by Arttu Ruotsalainen.
12:21 of 2nd period - Stopped by Brad Thiessen without a rebound.
12:22 of 2nd period - Anthony Angello wins face-off versus Andy Andreoff in Erie Otters zone.
12:31 of 2nd period - Wrist shot by Michael Eyssimont.
12:31 of 2nd period - Stopped by Joseph Woll without a rebound.
12:32 of 2nd period - Vasili Ponomarev wins face-off versus Michael Eyssimont in Niagara IceDogs zone.
12:57 of 2nd period - Snap shot by Andy Andreoff.
12:57 of 2nd period - Stopped by Joseph Woll with a rebound.
13:01 of 2nd period - Wrist shot by Michael Eyssimont.
13:01 of 2nd period - Stopped by Joseph Woll without a rebound.
13:02 of 2nd period - Ty Ronning wins face-off versus Alex Whelan in Niagara IceDogs zone.
14:08 of 2nd period - Kevin Davis is hit by Anthony Angello.
14:34 of 2nd period - Andy Andreoff is hit by Ian Mitchell and loses puck.
15:42 of 2nd period - Slapshot by Jayden Halbgewachs.
15:42 of 2nd period - Stopped by Brad Thiessen without a rebound.
15:43 of 2nd period - Arttu Ruotsalainen wins face-off versus Aaron Luchuk in Erie Otters zone.
15:48 of 2nd period - Wrist shot by Aliaksei Protas.
15:48 of 2nd period - Stopped by Brad Thiessen without a rebound.
15:49 of 2nd period - Aaron Luchuk wins face-off versus Aliaksei Protas in Erie Otters zone.
16:04 of 2nd period - Snap shot by Ty Ronning.
16:04 of 2nd period - Deflect By Alex Gallant.
16:04 of 2nd period - Stopped by Joseph Woll with a rebound.
16:23 of 2nd period - Icing by Aaron Ness.
16:24 of 2nd period - James Hamblin wins face-off versus Abbott Girduckis in Erie Otters zone.
16:37 of 2nd period - Snap shot by James Hamblin.
16:37 of 2nd period - Stopped by Brad Thiessen with a rebound.
16:53 of 2nd period - Snap shot by Ty Ronning.
16:53 of 2nd period - Stopped by Joseph Woll without a rebound.
16:54 of 2nd period - Ty Ronning wins face-off versus Arttu Ruotsalainen in Niagara IceDogs zone.
17:07 of 2nd period - Snap shot by Aaron Luchuk.
17:07 of 2nd period - Stopped by Joseph Woll with a rebound.
18:16 of 2nd period - Wrist shot by Vasili Ponomarev.
18:16 of 2nd period - Deflect By Joachim Blichfeld.
18:16 of 2nd period - Stopped by Brad Thiessen with a rebound.
19:46 of 2nd period - Snap shot by Ty Ronning.
19:46 of 2nd period - Stopped by Joseph Woll without a rebound.
19:47 of 2nd period - Alex Newhook wins face-off versus Aliaksei Protas in Niagara IceDogs zone.
19:48 of 2nd period - Wrist shot by Trent Frederic.
19:48 of 2nd period - Stopped by Joseph Woll without a rebound.
19:49 of 2nd period - Alex Newhook wins face-off versus Arttu Ruotsalainen in Niagara IceDogs zone.
19:52 of 2nd period - Wrist shot by Trent Frederic.
19:52 of 2nd period - Stopped by Joseph Woll with a rebound.
Goals for this period are 2 for Niagara IceDogs vs 3 for Erie Otters.
Shots for this period are 23 for Niagara IceDogs vs 22 for Erie Otters.
3rd period
0:01 of 3rd period - Alex Newhook wins face-off versus Arttu Ruotsalainen in neutral zone.
0:09 of 3rd period - Off-side.
0:10 of 3rd period - Alex Newhook wins face-off versus Arttu Ruotsalainen in neutral zone.
0:49 of 3rd period - Slapshot by Aliaksei Protas.
0:49 of 3rd period - Stopped by Brad Thiessen with a rebound.
0:56 of 3rd period - Minor Penalty to Trent Frederic for Holding.
0:57 of 3rd period - Andy Andreoff wins face-off versus Vasili Ponomarev in Erie Otters zone.
2:56 of 3rd period - Penalty to Trent Frederic is over, Trent Frederic is back on ice.
3:08 of 3rd period - Slapshot by Aaron Ness.
3:08 of 3rd period - Stopped by Joseph Woll with a rebound.
3:43 of 3rd period - Icing by Alex Petrovic.
3:44 of 3rd period - Arttu Ruotsalainen wins face-off versus Aaron Luchuk in Erie Otters zone.
3:45 of 3rd period - Wrist shot by Aliaksei Protas.
3:45 of 3rd period - Deflect By Arttu Ruotsalainen.
3:45 of 3rd period - Shot Misses the Net.
3:45 of 3rd period - Puck is out of play.
3:46 of 3rd period - Abbott Girduckis wins face-off versus Arttu Ruotsalainen in Erie Otters zone.
3:53 of 3rd period - Wrist shot by Arttu Ruotsalainen.
3:53 of 3rd period - Shot Blocked by Adam Clendening.
3:55 of 3rd period - Snap shot by Jonatan Berggren.
3:55 of 3rd period - Shot Misses the Net.
4:14 of 3rd period - Snap shot by Nicholas Robertson.
4:14 of 3rd period - Shot Blocked by Alex-Olivier Voyer.
4:16 of 3rd period - Snap shot by Filip Kral.
4:16 of 3rd period - Shot Misses the Net.
4:18 of 3rd period - Snap shot by Johannes Kinnvall.
4:18 of 3rd period - Stopped by Brad Thiessen without a rebound.
4:19 of 3rd period - Andy Andreoff wins face-off versus James Hamblin in Erie Otters zone.
4:30 of 3rd period - Wrist shot by Andy Andreoff.
4:30 of 3rd period - Shot Misses the Net.
5:07 of 3rd period - Adam Clendening is hit by Alex Whelan and loses puck.
6:01 of 3rd period - Wrist shot by Trent Frederic.
6:01 of 3rd period - Stopped by Joseph Woll with a rebound.
6:03 of 3rd period - Snap shot by Trent Frederic.
6:03 of 3rd period - Shot Misses the Net.
6:40 of 3rd period - Off-side.
6:41 of 3rd period - Aaron Luchuk wins face-off versus Jayden Halbgewachs in neutral zone.
7:26 of 3rd period - Icing by Michael Eyssimont.
7:27 of 3rd period - Andy Andreoff wins face-off versus Vasili Ponomarev in Erie Otters zone.
7:38 of 3rd period - Minor Penalty to Michael Eyssimont for Holding Stick.
7:39 of 3rd period - Andy Andreoff wins face-off versus Jonatan Berggren in Erie Otters zone.
8:11 of 3rd period - Slapshot by Conor Timmins.
8:11 of 3rd period - Goal by Conor Timmins - Niagara IceDogs : 7 - Erie Otters : 4.
8:12 of 3rd period - Arttu Ruotsalainen wins face-off versus Andy Andreoff in neutral zone.
8:26 of 3rd period - Minor Penalty to Andy Andreoff for Tripping.
8:27 of 3rd period - Aaron Luchuk wins face-off versus Arttu Ruotsalainen in Erie Otters zone.
8:36 of 3rd period - Alex Petrovic is hit by Conor Timmins and loses puck.
8:43 of 3rd period - Wrist shot by Aliaksei Protas.
8:43 of 3rd period - Stopped by Brad Thiessen with a rebound.
9:42 of 3rd period - Michael Eyssimont is hit by Jonatan Berggren and loses puck.
10:25 of 3rd period - Alex Petrovic is hit by Alex Whelan and loses puck.
10:26 of 3rd period - Penalty to Andy Andreoff is over, Andy Andreoff is back on ice.
11:26 of 3rd period - Tim Soderlund is hit by Ty Ronning and loses puck.
11:51 of 3rd period - Vasili Ponomarev is hit by Alex-Olivier Voyer and loses puck.
12:14 of 3rd period - Alex Biega is hit by James Hamblin and loses puck.
12:46 of 3rd period - Chase Pearson is hit by Alec McCrea and loses puck.
12:59 of 3rd period - Snap shot by Chase Pearson.
12:59 of 3rd period - Stopped by Brad Thiessen without a rebound.
13:00 of 3rd period - Aaron Luchuk wins face-off versus James Hamblin in Erie Otters zone.
13:00 of 3rd period - Aaron Luchuk is hit by Ian Mitchell.
13:39 of 3rd period - Andy Andreoff is hit by Joseph Duszak and loses puck.
13:51 of 3rd period - Icing by Michael Eyssimont.
13:52 of 3rd period - Vasili Ponomarev wins face-off versus Andy Andreoff in Erie Otters zone.
14:04 of 3rd period - Icing by Kevin Davis.
14:05 of 3rd period - Andy Andreoff wins face-off versus Vasili Ponomarev in Erie Otters zone.
14:18 of 3rd period - Snap shot by Sampo Ranta.
14:18 of 3rd period - Stopped by Joseph Woll without a rebound.
14:19 of 3rd period - Arttu Ruotsalainen wins face-off versus Paul Cotter in Niagara IceDogs zone.
14:19 of 3rd period - Arttu Ruotsalainen is hit by Alex Newhook.
14:31 of 3rd period - Wrist shot by Arttu Ruotsalainen.
14:31 of 3rd period - Shot Blocked by Alex Biega.
14:33 of 3rd period - Backhand shot by Conor Timmins.
14:33 of 3rd period - Deflect By Alex Newhook.
14:33 of 3rd period - Stopped by Brad Thiessen with a rebound.
14:35 of 3rd period - Slapshot by Aliaksei Protas.
14:35 of 3rd period - Stopped by Brad Thiessen with a rebound.
14:45 of 3rd period - Ian Mitchell is hit by Ty Ronning and loses puck.
15:06 of 3rd period - Wrist shot by Nicholas Robertson.
15:06 of 3rd period - Shot Misses the Net.
15:12 of 3rd period - Wrist shot by Nicholas Robertson.
15:12 of 3rd period - Stopped by Brad Thiessen with a rebound.
15:14 of 3rd period - Slapshot by Johannes Kinnvall.
15:14 of 3rd period - Shot Misses the Net.
16:06 of 3rd period - Conor Timmins is hit by Adam Clendening and loses puck.
16:33 of 3rd period - Minor Penalty to John Ludvig for Roughing.
16:34 of 3rd period - Arttu Ruotsalainen wins face-off versus Andy Andreoff in Niagara IceDogs zone.
17:11 of 3rd period - Slapshot by Trent Frederic.
17:11 of 3rd period - Shot Misses the Net.
18:33 of 3rd period - Penalty to John Ludvig is over, John Ludvig is back on ice.
18:46 of 3rd period - Off-side.
18:47 of 3rd period - Aaron Luchuk wins face-off versus Vasili Ponomarev in neutral zone.
19:04 of 3rd period - Johannes Kinnvall is hit by Aaron Luchuk and loses puck.
19:24 of 3rd period - Ian Mitchell is hit by Alex-Olivier Voyer and loses puck.
19:58 of 3rd period - Nicholas Robertson is hit by Alex-Olivier Voyer.
Goals for this period are 1 for Niagara IceDogs vs 0 for Erie Otters.
Shots for this period are 8 for Niagara IceDogs vs 3 for Erie Otters.
Back to the Top